 Dungeon Crawl Stone Soup version 0.28-a0-1594-ga885d4b3d6 (webtiles) character file.

Game seed: 11197371107045128098

318 enile the Skirmisher (level 6, -3/49 (53) HPs)
             Began as a Gnoll Wanderer on Jan 21, 2022.
             Slain by a wight (10 damage)
             ... on level 4 of the Dungeon.
             The game lasted 00:05:24 (2896 turns).

enile the Skirmisher (Gnoll Wanderer)               Turns: 2896, Time: 00:05:25

HP:   -3/49 (53)    AC: 10    Str: 18 (19) XL:     6   Next: 45%
MP:   14/14         EV:  5    Int: 12 (14) God:
Gold: 107           SH:  0    Dex: 10 (11) Spells: 14/15 levels left

rFire   . . .      SeeInvis .   n - +10 hunting sling of Hard Scrabble {vorpal, rN+ Will- Str+8 Stlth+}
rCold   . . .      Faith    .   i - orb {*Rage}
rNeg    + . .      Spirit   .   l - +0 plate armour
rPois   .          Reflect  .   (no helmet)
rElec   .          Harm     .   (no cloak)
rCorr   .          Rampage  .   (no gloves)
Will    .....      Rage     20% (no boots)
Stlth   ..........              (no amulet)
HPRegen 0.16/turn               (no ring)
MPRegen 0.14/turn               (no ring)

@: drained
A: fangs 1, strong nose, distributed training
a: no special abilities


You were on level 4 of the Dungeon.
You visited 1 branch of the dungeon, and saw 4 of its levels.

You collected 107 gold pieces.

Inventory:

Hand Weapons
 a - a +0 dagger
 n - the +10 hunting sling of Hard Scrabble (weapon) {vorpal, rN+ Will- Str+8 Stlth+}
   (You found it on level 2 of the Dungeon)

   Any ammunition fired from it inflicts extra damage upon your enemies.
   Str:       It affects your strength (+8).
   rN:        It protects you from negative energy.
   Will:      It decreases your willpower.
   Stlth:     It makes you more stealthy.
 s - a +2 vorpal hand axe
Missiles
 b - 12 boomerangs
 c - 43 stones (quivered ammo)
 r - 5 poisoned darts
Armour
 d - a +0 robe
 i - an orb of wrath (worn)
 l - a +0 plate armour (worn)
 w - a +3 ring mail
Jewellery
 v - a ring of magical power
Wands
 p - a wand of flame (21)
Scrolls
 j - a scroll of fear {unknown}
 k - a scroll of magic mapping
 m - 2 scrolls of noise {unknown}
 q - a scroll of amnesia {unknown}
 t - 2 scrolls of identify
 u - a scroll of teleportation {unknown}
Potions
 e - 7 potions of curing {unknown}
 f - a potion of invisibility
 g - a potion of degeneration
 h - a potion of might {unknown}
 o - a potion of brilliance {unknown}


   Skills:
 + Level 6.8 Fighting
 + Level 2.0 Short Blades
 + Level 2.0 Long Blades
 + Level 2.0 Axes
 + Level 2.0 Maces & Flails
 + Level 2.0 Polearms
 + Level 2.0 Staves
 + Level 2.0 Slings
 + Level 2.0 Bows
 + Level 2.0 Crossbows
 + Level 3.2 Throwing
 + Level 2.0 Armour
 + Level 2.0 Dodging
 + Level 2.0 Stealth
 + Level 2.0 Shields
 + Level 2.0 Unarmed Combat
 + Level 5.3 Spellcasting
 + Level 1.5 Conjurations
 + Level 1.5 Hexes
 + Level 1.5 Summonings
 + Level 1.5 Necromancy
 + Level 1.5 Translocations
 + Level 1.5 Transmutations
 + Level 1.5 Fire Magic
 + Level 4.1 Ice Magic
 + Level 1.5 Air Magic
 + Level 4.1 Earth Magic
 + Level 1.5 Poison Magic
 + Level 2.1 Invocations
 + Level 2.0 Evocations


You had 14 spell levels left.
You knew the following spells:

 Your Spells              Type           Power      Damage    Failure   Level
a - Sandblast             Erth           26%        2d8       85%         1

Your spell library contained the following spells:

 Spells                   Type           Power      Damage    Failure   Level
 Freeze                   Ice            52%        1d7       85%         1
 Foxfire                  Conj/Fire      24%        2x1d5     99%         1
 Ozocubu's Armour         Ice            13%        N/A       99%         3
 Conjure Flame            Conj/Fire      6%         6-21      100%        3
 Inner Flame              Hex/Fire       6%         N/A       100%        3
 Animate Armour           Summ/Erth      20%        N/A       100%        4
 Flame Wave               Conj/Fire      6%         2d4       100%        4
 Petrify                  Tmut/Erth      10%        N/A       100%        4


Dungeon Overview and Level Annotations

Branches:
Dungeon (4/15)
 Temple: D:4-7

Altars:
Vehumet
Xom

Shops:
D:4 ([


Innate Abilities, Weirdness & Mutations

You have very sharp teeth.
Your uncanny sense of smell can sniff out nearby items.
Your experience applies equally to all skills.


Message History

The wight hits you from afar with a +0 halberd!
You shoot a stone. The stone hits the wight.
The wight is moderately damaged.
The wight hits you from afar with a +0 halberd.
You shoot a stone. The stone closely misses the wight.
The wight barely misses you.
You shoot a stone. The stone closely misses the wight.
The wight hits you but does no damage.
The wight hits you from afar with a +0 halberd.
You partially resist.
You feel drained.
You shoot a stone. The stone hits the wight.
The wight is heavily damaged.
The wight hits you from afar with a +0 halberd!
You are too injured to fight recklessly!
Aiming: Throw Flame
Press: ? - help, Shift-Dir - straight line, f/p - wight
Aim: a wight, wielding a +0 halberd and wearing a +0 robe (heavily damaged, 71% to hit)
The puff of flame misses the wight.
The wight hits you from afar with a +0 halberd.
* * * LOW HITPOINT WARNING * * *
You partially resist.
You feel drained.
* * * LOW HITPOINT WARNING * * *
It was a potion of invisibility.
You fade into invisibility!
The wight hits you from afar with a +0 halberd!
* * * LOW HITPOINT WARNING * * *
Casting: Sandblast (safe; 75% risk of failure)
Confirm with . or Enter, or press ? or * to list all spells.
Okay, then.
You flicker for a moment.
It was a potion of degeneration.
There was something very wrong with that liquid.
You feel weakened.
You feel dopey.
You feel clumsy.
The wight hits you from afar with a +0 halberd.
* * * LOW HITPOINT WARNING * * *
Sorry, you're not good enough to have a special ability.
You flicker back into view.
There is a stone staircase leading down here.
The wight hits you from afar with a +0 halberd!
You die...

#........# ###.###### #.#
##########.## #..........(#
#### #.###.#.###.#####..##
#.###.#.###z#.....8.#
####.##.......(........#
#........#..##.@.####<.#####
#
#.##.............##....<...#
#.
#.##...........#.##.#∩.###.#
#. #.##...........#.##.#..#
#.# .
#.##.##.########.....8.# #.#
#.##.##.# ####...####.#
#.......# #.#...##.#####
#.##.#.## #.###.##......
#.##.#.# ..#...)..†.<..


You could see a wight.

Vanquished Creatures
  Sigmund (D:2)
  Jessica (D:2)
  A hound skeleton (D:2)
  5 adders
  An adder skeleton (D:4)
  A worm (D:3)
  4 dart slugs
  3 orcs (D:3)
  4 ball pythons
  3 bats
  8 endoplasms
  3 giant cockroaches
  3 goblins
  3 hobgoblins
  9 jackals
  4 quokkas
  3 frilled lizards
  4 kobolds
  7 rats
68 creatures vanquished.

Vanquished Creatures (others)
  A plant (D:1)
1 creature vanquished.

Grand Total: 69 creatures vanquished

Notes
Turn   | Place    | Note
-------+----------+-------------------------------------------
     0 | D:1      | enile the Gnoll Wanderer began the quest for the Orb.
     0 | D:1      | enile set off with the following items: a +0 dagger, 8
                  | boomerangs, 38 stones, a +0 robe; and the following spells
                  | available to memorise: Freeze, Sandblast, Ozocubu's Armour,
                  | Animate Armour, Petrify
     0 | D:1      | Reached XP level 1. HP: 23/23 MP: 6/6
    92 | D:1      | Learned a level 1 spell: Sandblast
   417 | D:1      | Reached XP level 2. HP: 29/29 MP: 3/7
  1277 | D:1      | Reached XP level 3. HP: 35/35 MP: 7/9
  1333 | D:1      | Reached skill level 5 in Spellcasting
  1370 | D:2      | Noticed Sigmund
  1373 | D:2      | Killed Sigmund
  1374 | D:2      | Reached skill level 1 in Short Blades
  1374 | D:2      | Reached skill level 1 in Long Blades
  1374 | D:2      | Reached skill level 1 in Axes
  1374 | D:2      | Reached skill level 1 in Maces & Flails
  1374 | D:2      | Reached skill level 1 in Polearms
  1374 | D:2      | Reached skill level 1 in Staves
  1374 | D:2      | Reached skill level 1 in Slings
  1374 | D:2      | Reached skill level 1 in Bows
  1374 | D:2      | Reached skill level 1 in Crossbows
  1374 | D:2      | Reached skill level 1 in Armour
  1374 | D:2      | Reached skill level 1 in Dodging
  1374 | D:2      | Reached skill level 1 in Stealth
  1374 | D:2      | Reached skill level 1 in Shields
  1374 | D:2      | Reached skill level 1 in Unarmed Combat
  1374 | D:2      | Reached skill level 1 in Conjurations
  1374 | D:2      | Reached skill level 1 in Hexes
  1374 | D:2      | Reached skill level 1 in Summonings
  1374 | D:2      | Reached skill level 1 in Necromancy
  1374 | D:2      | Reached skill level 1 in Translocations
  1374 | D:2      | Reached skill level 1 in Transmutations
  1374 | D:2      | Reached skill level 1 in Fire Magic
  1374 | D:2      | Reached skill level 1 in Air Magic
  1374 | D:2      | Reached skill level 1 in Poison Magic
  1374 | D:2      | Reached skill level 1 in Invocations
  1374 | D:2      | Reached skill level 1 in Evocations
  1374 | D:2      | Reached XP level 4. HP: 41/41 MP: 7/11
  1374 | D:2      | Reached XP level 5. HP: 47/47 MP: 7/12
  1458 | D:2      | Found a shimmering altar of Xom.
  1545 | D:2      | Noticed Jessica
  1558 | D:2      | Killed Jessica
  1710 | D:2      | Reached XP level 6. HP: 53/53 MP: 13/13
  1777 | D:2      | Identified the +10 hunting sling of Hard Scrabble {vorpal,
                  | rN+ Will- Str+8 Stlth+}
  2462 | D:3      | Found a radiant altar of Vehumet.
  2686 | D:4      | Found Edghuc's Armour Shoppe.
  2766 | D:4      | Found Nawoir's Weapon Boutique.
  2854 | D:4      | HP: 1/49 [wight (11)]
  2896 | D:4      | Slain by a wight

Illustrated notes

Levels and vault maps discovered:
D:1:      onia_arrival_mini_spirals, layout_loops_corners, serial_bayou,
          serial_bayou_pond_c, serial_bayou_pond_b, serial_bayou_shore_a,
          serial_bayou_ford_a, serial_bayou_lagoon_b, serial_bayou_pond_e,
          minmay_misc_feat_enclosed, nrook_mini_vaults
D:2:      layout_rooms, basic_altar, uniq_jessica, uniq_sigmund
D:3:      layout_basic, mainiacjoe_overflow_six_doors_small,
          chequers_serial_rivers_micro_b
D:4:      layout_loops_cross, serial_shops, shop_statue, kennysheep_mini, shop,
          nicolae_shop_bloodbath_and_beyond, minmay_manual_monstrance

Skill      XL: |  1  2  3  4  5  6 |
---------------+-------------------+-----
Spellcasting   | 5 |  5.3
Short Blades   | 1 2 |  2.0
Long Blades    | 1 2 |  2.0
Axes           | 1 2 |  2.0
Maces & Flails | 1 2 |  2.0
Polearms       | 1 2 |  2.0
Staves         | 1 2 |  2.0
Slings         | 1 2 |  2.0
Bows           | 1 2 |  2.0
Crossbows      | 1 2 |  2.0
Throwing       | 3 |  3.2
Armour         | 1 2 |  2.0
Dodging        | 1 2 |  2.0
Stealth        | 1 2 |  2.0
Shields        | 1 2 |  2.0
Unarmed Combat | 1 2 |  2.0
Conjurations   | 1 |  1.5
Hexes          | 1 |  1.5
Summonings     | 1 |  1.5
Necromancy     | 1 |  1.5
Translocations | 1 |  1.5
Transmutations | 1 |  1.5
Fire Magic     | 1 |  1.5
Ice Magic      | 4 |  4.1
Air Magic      | 1 |  1.5
Earth Magic    | 4 |  4.1
Poison Magic   | 1 |  1.5
Invocations    | 1 2 |  2.1
Evocations     | 1 2 |  2.0
Fighting       | |  6.8

Action                   |  1- 3 |  4- 6 || total
-------------------------+-------+-------++-------
Melee: Dagger            |    20 |    36 ||    56
       Bite              |     3 |     5 ||     8
 Fire: Hunting sling     |       |    66 ||    66
 Cast: Sandblast         |    22 |    10 ||    32
Evoke: Wand              |       |     1 ||     1
  Use: Scroll            |       |     1 ||     1
       Potion            |       |     2 ||     2
Armor: Robe              |     5 |       ||     5
       Plate armour      |       |    44 ||    44
Dodge: Dodged            |    19 |    21 ||    40

Table legend: (Time is in decaauts)
 A = Elapsed time spent in this place.
 B = Non-inter-level travel time spent in this place.
 C = Inter-level travel time spent in this place.
 D = Time resting spent in this place.
 E = Time spent auto-exploring this place.
 F = Levels seen in this place.
 G = Mean time per level.
                   A        B        C        D        E       F      G
               +--------+--------+--------+--------+--------+-----+--------+
         Total |   2984 |   2905 |     79 |      0 |   2363 |   4 |  746.0 |
       Dungeon |   2984 |   2905 |     79 |      0 |   2363 |   4 |  746.0 |
               +--------+--------+--------+--------+--------+-----+--------+

Top non-repeatable levels by time:
     D:1: 1416 daAuts
     D:3: 758 daAuts
     D:2: 599 daAuts
     D:4: 211 daAuts
